General information
- name: BNet
- type: Ladder team game (AT/RT)
- host: Battle.net
- saver: lllove
map: GolemsInTheMist
- players: 8
- length: 27:23
- speed: Fast
- version: 1.26 W3XP
- replay type: Public
» download(253 KB)
Players
team 1 (winner)

»
The_NightElfGod (
green | 60 APM | 1630 actions | 27:22)
5 Archmage
3 Summon Water Elemental
2 Brilliance Aura
5 Mountain King
3 Storm Bolt
2 Bash
» actions
| Assign group hotkey | 6 | |
| Basic commands | 120 | |
| Build / train | 82 | |
| Enter build submenu | 20 | |
| Enter hero's abilities submenu | 10 | |
| Give item / drop item | 1 | |
| Remove unit from queue | 4 | |
| Right click | 834 | |
| Select / deselect | 464 | |
| Select group hotkey | 8 | |
| Use ability | 81 | |
1630 total
» units
| Peasant | 21 | |
| Footman | 8 | |
| Priest | 4 | |
| Sorceress | 1 | |
| Gryphon Rider | 8 | |
42 total
» upgrades
| Masonry | 1 | |
| Animal War Training | 1 | |
| Gunpowder | 1 | |
| Storm Hammers | 1 | |
| Plating | 0 | |
| Armor | 1 | |
| Swords | 2 | |
7 total
» buildings
| Altar of Kings | 1 | |
| Farm | 11 | |
| Barracks | 1 | |
| Arcane Vault | 2 | |
| Scout Tower | 5 | |
| Lumber Mill | 1 | |
| Arcane Tower | 1 | |
| Guard Tower | 4 | |
| Keep | 1 | |
| Blacksmith | 1 | |
| Arcane Sanctum | 1 | |
| Castle | 1 | |
| Gryphon Aviary | 2 | |
| Town Hall | 1 | |
33 total
» build order
00:22 Altar of Kings
00:38 Farm
00:39 Farm
01:22 Barracks
01:53 Farm
01:56 Farm
01:57 Farm
02:07 Arcane Vault
02:19 Scout Tower
02:21 Scout Tower
02:27 Lumber Mill
03:12 Arcane Tower
03:37 Guard Tower
04:22 Keep
04:48 Blacksmith
05:34 Scout Tower
06:00 Guard Tower
06:08 Farm
08:26 Arcane Vault
08:31 Arcane Sanctum
09:33 Castle
10:45 Gryphon Aviary
10:51 Gryphon Aviary
12:47 Farm
12:48 Farm
12:48 Farm
12:48 Farm
13:54 Scout Tower
13:56 Scout Tower
14:31 Guard Tower
15:17 Guard Tower
17:50 Farm
20:39 Town Hall
» items
| Scroll of Regeneration | 2 | |
| Lesser Clarity Potion | 1 | |
| Scroll of Town Portal | 5 | |
| Potion of Healing | 2 | |
10 total

»
Fantasy (
purple | 125 APM | 3418 actions | 27:22)
5 Death Knight
3 Death Coil
2 Unholy Aura
6 Lich
3 Frost Nova
2 Frost Armor
1 Death and Decay
» actions
| Assign group hotkey | 38 | |
| Basic commands | 315 | |
| Build / train | 65 | |
| Enter build submenu | 21 | |
| Enter hero's abilities submenu | 12 | |
| Give item / drop item | 2 | |
| Remove unit from queue | 3 | |
| Right click | 1295 | |
| Select / deselect | 580 | |
| Select group hotkey | 969 | |
| Use ability | 118 | |
3418 total
» units
| Acolyte | 7 | |
| Ghoul | 4 | |
| Crypt Fiend | 9 | |
| Obsidian Statue | 7 | |
27 total
» upgrades
| Creature Attack | 3 | |
| Creature Carapace | 4 | |
| Web | 1 | |
| Burrow | 0 | |
| Destroyer Form | 1 | |
9 total
» buildings
| Altar of Darkness | 1 | |
| Ziggurat | 10 | |
| Crypt | 1 | |
| Tomb of Relics | 1 | |
| Graveyard | 1 | |
| Nerubian Tower | 1 | |
| Halls of the Dead | 1 | |
| Slaughterhouse | 2 | |
| Black Citadel | 1 | |
| Necropolis | 1 | |
| Spirit Tower | 1 | |
21 total
» build order
00:06 Altar of Darkness
00:09 Ziggurat
00:38 Crypt
00:49 Tomb of Relics
01:15 Ziggurat
01:33 Graveyard
03:18 Ziggurat
03:53 Nerubian Tower
04:28 Halls of the Dead
04:56 Ziggurat
08:03 Slaughterhouse
08:07 Black Citadel
11:50 Ziggurat
12:13 Slaughterhouse
13:22 Ziggurat
21:07 Necropolis
23:21 Ziggurat
23:23 Ziggurat
23:55 Ziggurat
23:59 Ziggurat
25:20 Spirit Tower
» items
| Rod of Necromancy | 1 | |
| Sacrificial Skull | 1 | |
| Scroll of Town Portal | 3 | |
| Orb of Corruption | 1 | |
| Scroll of Healing | 2 | |
8 total
pandaroar (
pink | 60 APM | 1639 actions | 27:22)
5 Priestess of the Moon
3 Trueshot Aura
2 Searing Arrows
4 Keeper of the Grove
2 Entangling Roots
2 Thorns Aura
» actions
| Assign group hotkey | 35 | |
| Basic commands | 35 | |
| Build / train | 88 | |
| ESC pressed | 1 | |
| Enter build submenu | 19 | |
| Enter hero's abilities submenu | 9 | |
| Give item / drop item | 1 | |
| Remove unit from queue | 2 | |
| Right click | 660 | |
| Select / deselect | 394 | |
| Select group hotkey | 315 | |
| Use ability | 80 | |
1639 total
» units
| Wisp | 12 | |
| Archer | 15 | |
| Druid of the Talon | 7 | |
| Chimaera | 6 | |
| Druid of the Claw | 2 | |
42 total
» upgrades
| Improved Bows | 1 | |
| Strength of the Moon | 3 | |
| Moon Armor | 3 | |
| Druid of the Talon Training | 2 | |
| Marksmanship | 1 | |
| Mark of the Talon | 1 | |
| Druid of the Claw Training | 2 | |
| Corrosive Breath | 1 | |
| Strength of the Wild | 2 | |
| Reinforced Hides | 2 | |
| Mark of the Claw | 1 | |
| Nature's Blessing | 1 | |
| Well Spring | 1 | |
21 total
» buildings
| Moon Well | 6 | |
| Ancient of War | 2 | |
| Altar of Elders | 1 | |
| Ancient of Wonders | 1 | |
| Tree of Ages | 1 | |
| Hunter's Hall | 1 | |
| Ancient of Wind | 1 | |
| Tree of Eternity | 1 | |
| Chimaera Roost | 2 | |
| Ancient of Lore | 1 | |
| Tree of Life | 1 | |
18 total
» build order
00:19 Moon Well
00:23 Ancient of War
01:01 Altar of Elders
01:40 Moon Well
02:04 Ancient of Wonders
03:45 Tree of Ages
04:26 Moon Well
05:24 Hunter's Hall
06:14 Ancient of Wind
08:02 Tree of Eternity
08:08 Ancient of War
08:12 Moon Well
09:12 Moon Well
12:53 Moon Well
13:27 Chimaera Roost
13:45 Ancient of Lore
19:38 Chimaera Roost
27:01 Tree of Life
» items
| Scroll of Town Portal | 6 | |
| Staff of Preservation | 1 | |
| Potion of Healing | 1 | |
8 total
lllove (
teal | 57 APM | 1563 actions | 27:23)
6 Blood Mage
3 Flame Strike
2 Siphon Mana
1 Summon Phoenix
» actions
| Assign group hotkey | 55 | |
| Basic commands | 18 | |
| Build / train | 95 | |
| Enter build submenu | 46 | |
| Enter hero's abilities submenu | 6 | |
| Give item / drop item | 2 | |
| Remove unit from queue | 2 | |
| Right click | 665 | |
| Select / deselect | 325 | |
| Select group hotkey | 190 | |
| Use ability | 159 | |
1563 total
» units
| Peasant | 14 | |
| Footman | 7 | |
| Goblin Shredder | 1 | |
| Sorceress | 9 | |
| Goblin Sapper | 4 | |
35 total
» upgrades
| Sorceress Training | 1 | |
| Magic Sentry | 1 | |
| Masonry | 2 | |
4 total
» buildings
| Altar of Kings | 1 | |
| Barracks | 1 | |
| Farm | 5 | |
| Scout Tower | 36 | |
| Arcane Tower | 1 | |
| Arcane Vault | 4 | |
| Keep | 1 | |
| Lumber Mill | 1 | |
| Town Hall | 2 | |
| Arcane Sanctum | 1 | |
| Guard Tower | 8 | |
| Castle | 1 | |
62 total
» build order
00:36 Altar of Kings
00:37 Barracks
00:49 Farm
00:51 Farm
01:04 Farm
01:22 Farm
01:47 Scout Tower
02:18 Arcane Tower
03:27 Arcane Vault
03:57 Farm
04:32 Keep
04:33 Lumber Mill
05:57 Scout Tower
05:57 Scout Tower
06:31 Scout Tower
06:32 Scout Tower
06:37 Town Hall
06:40 Scout Tower
06:40 Scout Tower
06:41 Scout Tower
06:41 Scout Tower
06:53 Arcane Sanctum
07:21 Guard Tower
08:37 Guard Tower
08:40 Scout Tower
08:45 Scout Tower
08:46 Scout Tower
08:46 Scout Tower
08:48 Scout Tower
08:48 Scout Tower
08:49 Scout Tower
10:15 Guard Tower
10:18 Guard Tower
12:24 Castle
13:01 Arcane Vault
16:13 Scout Tower
16:13 Scout Tower
16:14 Scout Tower
16:15 Scout Tower
16:16 Scout Tower
16:16 Scout Tower
22:09 Scout Tower
22:09 Scout Tower
22:09 Scout Tower
22:10 Scout Tower
22:10 Scout Tower
22:14 Guard Tower
22:47 Guard Tower
22:49 Guard Tower
25:02 Scout Tower
25:02 Scout Tower
25:02 Scout Tower
25:03 Scout Tower
25:03 Scout Tower
25:09 Town Hall
25:26 Scout Tower
25:26 Scout Tower
25:27 Scout Tower
25:27 Scout Tower
26:42 Guard Tower
26:48 Arcane Vault
26:51 Arcane Vault
» items
| Scroll of Regeneration | 5 | |
| Mechanical Critter | 4 | |
| Lesser Clarity Potion | 5 | |
| Scroll of Town Portal | 5 | |
| Potion of Mana | 8 | |
| Potion of Healing | 7 | |
| Orb of Fire | 1 | |
35 total
team 2 (loser)

»
twopiece (
orange | 63 APM | 1661 actions | 26:10)
4 Tauren Chieftain
2 Endurance Aura
2 War Stomp
4 Shadow Hunter
2 Hex
2 Healing Wave
2 Far Seer
1 Chain Lighting
1 Far Sight
» actions
| Assign group hotkey | 124 | |
| Basic commands | 71 | |
| Build / train | 70 | |
| ESC pressed | 4 | |
| Enter build submenu | 21 | |
| Enter hero's abilities submenu | 10 | |
| Right click | 562 | |
| Select / deselect | 413 | |
| Select group hotkey | 289 | |
| Use ability | 97 | |
1661 total
» units
| Peon | 19 | |
| Grunt | 4 | |
| Troll Headhunter/Berserker | 4 | |
| Troll Witch Doctor | 4 | |
| Demolisher | 2 | |
| Kodo Beast | 1 | |
| Goblin Shredder | 1 | |
| Tauren | 1 | |
| Troll Batrider | 1 | |
37 total
» upgrades
| Pillage | 1 | |
| Berserker Strength | 1 | |
| Witch Doctor Training | 2 | |
| Ranged Weapons | 1 | |
| Troll Regeneration | 1 | |
| Armor | 1 | |
| War Drums Damage Increase | 1 | |
| Berserker Upgrade | 1 | |
9 total
» buildings
| Altar of Storms | 1 | |
| Orc Burrow | 11 | |
| Barracks | 1 | |
| Voodoo Lounge | 1 | |
| Stronghold | 4 | |
| War Mill | 1 | |
| Spirit Lodge | 1 | |
| Great Hall | 1 | |
| Fortress | 1 | |
| Beastiary | 1 | |
| Tauren Totem | 1 | |
| Watch Tower | 2 | |
26 total
» build order
00:06 Altar of Storms
00:10 Orc Burrow
00:39 Barracks
01:37 Orc Burrow
02:28 Voodoo Lounge
03:25 Stronghold
03:25 Stronghold
03:26 Stronghold
04:15 Orc Burrow
04:31 War Mill
06:07 Spirit Lodge
06:24 Great Hall
07:55 Fortress
08:02 Beastiary
08:24 Orc Burrow
12:30 Tauren Totem
13:08 Watch Tower
13:08 Watch Tower
13:33 Orc Burrow
13:36 Orc Burrow
15:34 Orc Burrow
15:59 Orc Burrow
17:16 Orc Burrow
17:33 Orc Burrow
18:12 Orc Burrow
» items
| Healing Salve | 3 | |
| Scroll of Town Portal | 2 | |
| Potion of Healing | 1 | |
6 total

»
samwisecraft (
yellow | 88 APM | 2324 actions | 26:24)
4 Dreadlord
2 Sleep
2 Vampiric Aura
» actions
| Assign group hotkey | 39 | |
| Basic commands | 33 | |
| Build / train | 75 | |
| Enter build submenu | 21 | |
| Enter hero's abilities submenu | 4 | |
| Remove unit from queue | 4 | |
| Right click | 1201 | |
| Select / deselect | 427 | |
| Select group hotkey | 458 | |
| Use ability | 62 | |
2324 total
» units
| Acolyte | 17 | |
| Ghoul | 9 | |
| Goblin Shredder | 4 | |
| Crypt Fiend | 11 | |
| Obsidian Statue | 4 | |
| Abomination | 3 | |
48 total
» upgrades
| Web | 1 | |
| Unholy Armor | 3 | |
| Disease Cloud | 1 | |
5 total
» buildings
| Altar of Darkness | 1 | |
| Ziggurat | 8 | |
| Crypt | 1 | |
| Nerubian Tower | 1 | |
| Tomb of Relics | 1 | |
| Graveyard | 1 | |
| Halls of the Dead | 2 | |
| Slaughterhouse | 3 | |
| Black Citadel | 1 | |
| Necropolis | 1 | |
| Spirit Tower | 4 | |
24 total
» build order
00:20 Altar of Darkness
00:21 Ziggurat
00:47 Crypt
01:07 Ziggurat
01:26 Nerubian Tower
01:57 Tomb of Relics
02:59 Ziggurat
03:22 Graveyard
04:48 Halls of the Dead
05:33 Halls of the Dead
05:34 Halls of the Dead
08:02 Slaughterhouse
08:02 Slaughterhouse
08:03 Slaughterhouse
08:05 Ziggurat
08:06 Ziggurat
08:54 Black Citadel
09:06 Necropolis
10:43 Spirit Tower
13:13 Ziggurat
14:00 Ziggurat
14:02 Ziggurat
17:56 Spirit Tower
20:58 Spirit Tower
20:58 Spirit Tower
» items
| Rod of Necromancy | 1 | |
| Scroll of Town Portal | 2 | |
| Orb of Corruption | 2 | |
5 total

»
Dugtriopoosquad (
red | 68 APM | 1767 actions | 26:07)
4 Blademaster
2 Wind Walk
2 Critical Strike
2 Tauren Chieftain
1 Endurance Aura
1 Shockwave
» actions
| Assign group hotkey | 27 | |
| Basic commands | 1 | |
| Build / train | 101 | |
| Enter build submenu | 25 | |
| Enter hero's abilities submenu | 6 | |
| Remove unit from queue | 1 | |
| Right click | 1010 | |
| Select / deselect | 314 | |
| Select group hotkey | 208 | |
| Use ability | 74 | |
1767 total
» units
| Peon | 19 | |
| Grunt | 5 | |
| Troll Headhunter/Berserker | 3 | |
| Raider | 14 | |
| Goblin Zeppelin | 1 | |
| Shaman | 8 | |
| Wind Rider | 5 | |
| Troll Batrider | 3 | |
58 total
» upgrades
| Spiked Barricades | 1 | |
| Armor | 2 | |
| Pillage | 1 | |
| Ensnare | 1 | |
| Shaman Training | 2 | |
| Spirit Walker Training | 1 | |
| Melee Weapons | 2 | |
| Ranged Weapons | 2 | |
| Envenomed Spears | 1 | |
| Berserker Upgrade | 1 | |
| Reinforced Defenses | 1 | |
15 total
» buildings
| Altar of Storms | 1 | |
| Orc Burrow | 5 | |
| Barracks | 1 | |
| War Mill | 1 | |
| Watch Tower | 5 | |
| Voodoo Lounge | 1 | |
| Stronghold | 1 | |
| Beastiary | 2 | |
| Spirit Lodge | 1 | |
| Great Hall | 2 | |
| Fortress | 1 | |
21 total
» build order
00:08 Altar of Storms
00:10 Orc Burrow
00:37 Barracks
01:28 Orc Burrow
01:51 War Mill
02:51 Orc Burrow
03:36 Watch Tower
03:56 Voodoo Lounge
04:18 Watch Tower
04:39 Watch Tower
05:06 Orc Burrow
06:21 Stronghold
08:14 Watch Tower
08:19 Orc Burrow
09:03 Beastiary
09:07 Spirit Lodge
11:39 Great Hall
12:49 Fortress
17:23 Beastiary
22:55 Great Hall
23:19 Watch Tower
» items
| Scroll of Town Portal | 3 | |
| Healing Salve | 1 | |
| Potion of Healing | 1 | |
5 total
0)Z (
blue | 82 APM | 2235 actions | 27:21)
4 Mountain King
2 Storm Bolt
2 Bash
» actions
| Assign group hotkey | 15 | |
| Basic commands | 49 | |
| Build / train | 73 | |
| Enter build submenu | 13 | |
| Enter hero's abilities submenu | 4 | |
| Give item / drop item | 1 | |
| Remove unit from queue | 1 | |
| Right click | 1660 | |
| Select / deselect | 264 | |
| Select group hotkey | 78 | |
| Use ability | 77 | |
2235 total
» units
| Peasant | 4 | |
| Footman | 30 | |
| Goblin Shredder | 3 | |
| Goblin Zeppelin | 1 | |
38 total
» upgrades
» buildings
| Altar of Kings | 1 | |
| Barracks | 2 | |
| Farm | 6 | |
| Arcane Vault | 1 | |
| Keep | 1 | |
| Blacksmith | 1 | |
| Workshop | 1 | |
| Castle | 1 | |
14 total
» build order
00:07 Altar of Kings
00:21 Barracks
00:24 Farm
01:01 Farm
01:52 Barracks
02:06 Farm
02:49 Farm
04:48 Farm
06:43 Farm
07:53 Arcane Vault
11:25 Keep
14:02 Blacksmith
16:24 Workshop
16:25 Castle
» items
| Scroll of Regeneration | 7 | |
| Lesser Clarity Potion | 4 | |
| Mechanical Critter | 2 | |
| Potion of Healing | 5 | |
| Scroll of Town Portal | 3 | |
| Potion of Mana | 3 | |
| Orb of Corruption | 1 | |
25 total
Chat log
(00:18 / Allies) The_NightElfGod: gryphs
(00:26 / Allies) Fantasy: well loseee
(00:32 / Allies) The_NightElfGod: ?
(00:33 / Allies) Fantasy: griphs r too slow
(01:06 / Allies) Fantasy: chances are 70% theyre rsuhing
(01:14 / Allies) The_NightElfGod: i will have units
(01:22 / Allies) pandaroar: this is a rush map
(01:39 / Allies) Fantasy: they might cc tho
(04:08 / Allies) pandaroar: hes by himself
(05:23 / Allies) The_NightElfGod: holy shit
(05:29 / Allies) Fantasy: wut
(05:35 / Allies) pandaroar: they were rushing
(05:39 / Allies) pandaroar: but some1 teched probalby
(05:54 / Allies) pandaroar: get units
(05:56 / Allies) The_NightElfGod: fuck wasent looking
(06:40 / Allies) pandaroar: tp
(08:58 / Allies) pandaroar: 3 slaughterhouses
(09:46 / Allies) pandaroar: lure him in
(10:13 / Allies) The_NightElfGod: dont
(10:58 / Allies) Fantasy: cree[ tjos
(11:01 / Allies) Fantasy: cree[ tjos thfa
(11:24 / Allies) pandaroar: bm assassin that mk
(12:33 / Allies) pandaroar: ty
(13:03 / Allies) Fantasy: i have no tp
(13:07 / Allies) pandaroar: im going oj
(13:13 / Allies) lllove: b
(13:16 / Allies) lllove: you guys b
(13:21 / Allies) lllove: get toewrs
(13:46 / Allies) lllove: tower up
(13:52 / Allies) lllove: kill the burrows
(14:05 / Allies) lllove: kill the burrwos easy targets
(14:15 / All) Fantasy: toooo the tower
(14:17 / Allies) lllove: b up
(14:18 / Allies) lllove: pink
(14:19 / Allies) lllove: tp to green
(14:37 / Allies) lllove: holy shit pink
(14:50 / Allies) lllove: pink
(14:51 / Allies) lllove: wtf are you doing
(16:01 / Allies) pandaroar: rebuild peasants
(16:23 / Allies) The_NightElfGod: omw
(17:10 / Allies) lllove: red base is ewaek
(17:17 / Allies) lllove: no upgrade
(17:20 / Allies) Fantasy: we acan just crus htem no
(17:21 / Allies) pandaroar: no
(17:23 / Allies) pandaroar: oj is weak
(17:26 / Allies) lllove: oj or red
(17:30 / Allies) lllove: no upgrade on burrows and atowers
(17:32 / Allies) pandaroar: oj
(17:38 / Allies) lllove: b
(18:18 / Allies) Fantasy: wp guys
(21:22 / Allies) The_NightElfGod: i out
(22:20 / Allies) pandaroar: tey out of gold
(23:06 / Allies) pandaroar: u want it?
(24:13 / Allies) lllove: back pink
(24:15 / Allies) lllove: back tp
(24:16 / Allies) lllove: back
(24:16 / Allies) lllove: tp
(24:17 / Allies) lllove: back
(24:18 / Allies) lllove: tp
(24:18 / Allies) lllove: back
(24:19 / Allies) lllove: tp
(24:19 / Allies) lllove: back
(25:35 / Allies) pandaroar: haha
(26:26 / Allies) pandaroar: 10 gold plz
(26:43 / Allies) pandaroar: ty
(26:45 / All) Fantasy: gg wq[
(26:46 / All) Fantasy: wp